AoeStats
← CASTORJHON

Arena

509455483Analyzed
2v2 RM · 6d ago on Sep 26, 2026· 40m 23s· 4 players
Game mode
Random Map
Map size
Medium (4 player)
Population
200
Speed
Normal
Resources
Standard
Victory
Conquest
Starting age
Dark Age
Ending age
Imperial Age
RankedLock teamsTeams togetherTeam positionsShared explorationLock speedFull tech treeHidden civsTurbo modeCheats
Victory
Defeat
🇨🇳 Italians · China
1125
+14
🇨🇳 Burgundians · China
1124
+14
🇲🇽 Italians · Mexico
1076
-14
🇲🇽 Danes · Mexico
1075
-14
CASTORJHON
9:15 Feudal Age
14:49 Castle Age
12:36 Loom
14:06 Double-Bit Axe
23:15 Sanctity
26:04 Redemption
33:43 Imperial Age
31:55 Fervor
33:56 Fletching
34:06 Padded Archer Armor
34:47 Conscription
36:55 Bow Saw
36:26 Man-at-Arms
37:07 Squires
37:22 Long Swordsman
39:06 Block Printing
38:52 Two-Handed Swordsman
JoseTezcaltlipoca
0:26 Loom
10:08 Feudal Age
15:58 Castle Age
14:46 Double-Bit Axe
15:03 Horse Collar
16:05 Town Watch
20:47 Arson
21:03 Squires
24:02 Scale Mail Armor
28:35 Hamask
29:53 Forging
31:07 Chain Mail Armor
35:30 Iron Casting
36:00 Fletching
41:20 Wheelbarrow
tumine
3:41 Double-Bit Axe
10:23 Feudal Age
14:42 Castle Age
13:03 Horse Collar
14:18 Bow Saw
17:10 Wheelbarrow
20:41 Two-Man Saw
22:12 Heavy Plow
23:32 Hand Cart
25:03 Gold Mining
31:04 Imperial Age
28:20 Loom
28:16 Elite Skirmisher
28:59 Light Cavalry
29:55 Scale Barding Armor
30:01 Forging
31:12 Chain Barding Armor
31:39 Husbandry
32:46 Chemistry
31:23 Hussar
32:04 Husbandry
32:11 Husbandry
33:29 Two-Man Saw
33:23 Plate Barding Armor
33:23 Iron Casting
32:39 Fletching
34:31 Iron Casting
33:57 Padded Archer Armor
34:39 Stone Mining
35:24 Gold Shaft Mining
35:00 Cavalier
35:49 Bodkin Arrow
36:10 Leather Archer Armor
36:55 Blast Furnace
36:39 Stone Shaft Mining
37:27 Blast Furnace
37:15 Paladin
40:03 Bracer
LD
9:16 Feudal Age
15:02 Castle Age
13:30 Double-Bit Axe
13:54 Horse Collar
15:43 Wheelbarrow
19:43 Bow Saw
19:36 Heavy Plow
29:13 Imperial Age
26:29 Loom
27:13 Murder Holes
31:30 Hand Cart
33:56 Crop Rotation
36:39 Fletching
37:51 Squires
37:37 Arson
40:10 Town Watch
Connection lost

Rejoining the realm…

Still unreachable

The connection could not be restored.

Session expired

The server has moved on; the page needs a fresh start.